 Dungeon Crawl Stone Soup version 0.29-a0-187-ga23d9638d5 (webtiles) character file.

Game seed: 10932568722373274640

6764 Crownlay the Frost Mage (level 11, -11/81 HPs)
             Began as a Gnoll Ice Elementalist on Feb 21, 2022.
             Was a Priest of Uskayaw.
             Mangled by Gastronok (15 damage)
             ... on level 8 of the Dungeon.
             The game lasted 00:32:36 (9252 turns).

Crownlay the Frost Mage (Gnoll Ice Elementalist)    Turns: 9252, Time: 00:32:37

Health: -11/81     AC: 16    Str:  9    XL:     11   Next: 4%
Magic:  16/22      EV: 13    Int: 18    God:    Uskayaw [***...]
Gold:   434        SH:  5    Dex: 12    Spells: 7/25 levels left

rFire   . . .      SeeInvis .   H - +3 spear (vamp)
rCold   . . .      Faith    .   a - +0 buckler
rNeg    . . .      Spirit   .   C - +2 leather armour {Will+}
rPois   .          Reflect  .   b - +0 helmet
rElec   .          Harm     .   A - +1 cloak
rCorr   +          Rampage  .   (no gloves)
Will    +....                   v - +0 pair of boots
Stlth   +++.......              (no amulet)
HPRegen 0.23/turn               s - ring of resist corrosion
MPRegen 0.18/turn               (no ring)

@: ice-armoured
A: fangs 1, strong nose, distributed training
a: Renounce Religion, Stomp, Line Pass


You were on level 8 of the Dungeon.
You worshipped Uskayaw.
Uskayaw was noncommittal.
You visited 2 branches of the dungeon, and saw 9 of its levels.

You collected 434 gold pieces.

Inventory:

Hand Weapons
 m - a +5 hunting sling of flaming
 H - a +3 vampiric spear (weapon)
Missiles
 c - 5 boomerangs
 j - 9 javelins
 n - 319 stones
Armour
 a - a +0 buckler (worn)
 b - a +0 helmet (worn)
 h - a +2 kite shield
 v - a +0 pair of boots (worn)
 A - a +1 cloak (worn)
 C - a +2 leather armour of willpower (worn)
Magical Staves
 t - a staff of conjuration
Jewellery
 s - a ring of resist corrosion (left hand)
 D - an amulet of regeneration
 E - a ring of willpower
Wands
 p - a wand of paralysis (4)
 G - a wand of flame (12)
Scrolls
 d - a scroll of identify
 e - a scroll of enchant armour
 i - a scroll of blinking {unknown}
 k - a scroll of amnesia {unknown}
 o - 3 scrolls of fog
 w - 2 scrolls of fear
 y - a scroll of vulnerability {unknown}
 B - a scroll of noise {unknown}
 F - 3 scrolls of teleportation
Potions
 f - a potion of degeneration {unknown}
 g - a potion of mutation {unknown}
 l - 4 potions of flight
 q - a potion of resistance {unknown}
 r - a potion of lignification {unknown}
 u - 2 potions of invisibility
 x - 2 potions of berserk rage {unknown}
 I - a potion of brilliance {unknown}
 J - a potion of cancellation {unknown}


   Skills:
 + Level 5.9 Fighting
 + Level 5.9 Short Blades
 + Level 5.9 Long Blades
 + Level 5.9 Axes
 + Level 5.9 Maces & Flails
 + Level 5.9 Polearms
 + Level 5.9 Staves
 + Level 5.9 Slings
 + Level 5.9 Bows
 + Level 5.9 Crossbows
 + Level 5.9 Throwing
 + Level 5.9 Armour
 + Level 7.5 Dodging
 + Level 7.3 Stealth
 + Level 5.9 Shields
 + Level 5.9 Unarmed Combat
 + Level 7.8 Spellcasting
 + Level 4.8 Conjurations
 + Level 4.8 Hexes
 + Level 4.8 Summonings
 + Level 4.8 Necromancy
 + Level 4.8 Translocations
 + Level 4.8 Transmutations
 + Level 4.8 Fire Magic
 + Level 8.7 Ice Magic
 + Level 4.8 Air Magic
 + Level 4.8 Earth Magic
 + Level 4.8 Poison Magic
 + Level 6.4 Invocations
 + Level 5.9 Evocations


You had 7 spell levels left.
You knew the following spells:

 Your Spells              Type           Power      Damage    Failure   Level
a - Freeze                Ice            100%       1d11      1%          1
b - Frozen Ramparts       Ice            76%        1d9       1%          3
c - Ozocubu's Armour      Ice            38%        N/A       1%          3
d - Hailstorm             Conj/Ice       31%        3d8       11%         4
e - Tukima's Dance        Hex            24%        N/A       7%          3
f - Dispel Undead         Necr           24%        3d12      22%         4

Your spell library contained the following spells:

 Spells                   Type           Power      Damage    Failure   Level
 Static Discharge         Conj/Air       24%        N/A       3%          2
 Passage of Golubria      Tloc           24%        N/A       22%         4
 Sticky Flame             Conj/Fire      24%        2d5       22%         4
 Yara's Violent Unravell  Hex/Tmut       12%        3d7       54%         5


Dungeon Overview and Level Annotations

Branches:
Dungeon (8/15)             Temple (1/1) D:7
   Lair: D:8-11

Altars:
Ashenzari
Dithmenos
Elyvilon
Gozag
Hepliaklqana
Makhleb
Uskayaw
Wu Jian

Shops:
D:3 (

Annotations:
D:8 Gastronok


Innate Abilities, Weirdness & Mutations

You have very sharp teeth.
Your uncanny sense of smell can sniff out nearby items.
Your experience applies equally to all skills.


Message History

Gastronok is heavily wounded.
The wall freezes Gastronok.
Gastronok waves his eye-stalks in wide circles.
The air twists around and strikes you!!
* * * LOW HITPOINT WARNING * * *
You hit Gastronok but do no damage.
Gastronok is heavily wounded.
You completely miss Gastronok.
Gastronok is heavily wounded.
The wall freezes Gastronok!
Gastronok's eyestalks quiver as he mumbles some strange words.
Gastronok puts on a burst of speed!
You barely miss Gastronok.
Gastronok is severely wounded.
You hit Gastronok. You bite Gastronok, but do no damage.
Gastronok is severely wounded.
Uskayaw will force your foes to helplessly watch your dance.
Uskayaw prepares the audience for your solo!
The helpless Gastronok fails to defend himself.
You puncture Gastronok!
Gastronok is severely wounded.
Gastronok is no longer paralysed.
The wall freezes Gastronok!
Gastronok bites you!
* * * LOW HITPOINT WARNING * * *
Casting: Frozen Ramparts (safe; 1% risk of failure)
Confirm with . or Enter, or press ? or * to list all spells.
Aiming: Freeze (safe; 1% risk of failure)
Press: ? - help, Shift-Dir - straight line, f - Gastronok
Aim: Gastronok, wearing a +2 hat of willpower (severely wounded, covering ground quickly)
You freeze Gastronok!
Gastronok is almost dead.
Casting: Freeze (safe; 1% risk of failure)
Confirm with . or Enter, or press ? or * to list all spells.
Aiming: Freeze (safe; 1% risk of failure)
Press: ? - help, Shift-Dir - straight line, f/p - Gastronok
Aim: Gastronok, wearing a +2 hat of willpower (almost dead, covering ground quickly)
You freeze Gastronok.
Gastronok is almost dead.
The frozen ramparts melt away.
Gastronok bites you!
You die...

.# #w# #.# #.#
########### #.#
..........# #.#
#########.#
#####.#
#...[####..@w.#
#.............#
#.............#
#...≈....≈....#
##............#
#....≈≈.....##
#....≈≈.....#
#...........#
#...≈....≈.....


You could see Gastronok (swift).

Vanquished Creatures
  Harold (D:7)
  Pikel (D:6)
  2 cyclopes
  Joseph (D:8)
  Sigmund (D:6)
  A vampire mosquito (D:6)
  Eustachio (D:6)
  A steam dragon (D:6)
  Edmund (D:6)
  Menkaure (D:4)
  2 water moccasins
  A hornet zombie (D:6)
  2 orc warriors
  A black bear (D:5)
  A sky beast (D:6)
  2 centaurs
  3 necrophages
  2 lemures (D:6)
  2 kobold brigands
  3 bullfrogs (D:6)
  8 gnoll sergeants (D:6)
  3 scorpions
  A wyvern zombie (D:7)
  A water moccasin skeleton (D:6)
  A howler monkey (D:6)
  2 electric eels (D:6)
  4 centaur zombies
  11 hounds
  Crazy Yiuf (D:7)
  2 orc priests
  4 jellies
  2 bullfrog skeletons
  Jessica (D:2)
  A centaur skeleton (D:7)
  3 gnoll shamans
  Terence (D:3)
  3 iguanas
  5 orc wizards
  A howler monkey zombie (D:7)
  31 gnolls
  3 adders (D:5)
  2 white imps
  An ufetubus (D:6)
  2 dart slugs (D:2)
  10 orcs
  6 ball pythons
  4 bats
  9 endoplasms
  8 goblins
  11 hobgoblins
  6 jackals (D:6)
  6 quokkas
  2 frilled lizards
  13 kobolds
  7 rats
206 creatures vanquished.

Vanquished Creatures (others)
  A dancing weapon (D:7)
  A fungus (D:7)
2 creatures vanquished.

Grand Total: 208 creatures vanquished

Notes
Turn   | Place    | Note
-------+----------+-------------------------------------------
     0 | D:1      | Crownlay the Gnoll Ice Elementalist began the quest for the
                  | Orb.
     0 | D:1      | Reached XP level 1. HP: 13/13 MP: 6/6
   229 | D:1      | Reached XP level 2. HP: 10/19 MP: 3/7
   524 | D:1      | Reached XP level 3. HP: 23/25 MP: 0/9
   528 | D:1      | Learned a level 3 spell: Frozen Ramparts
   532 | D:1      | Learned a level 3 spell: Ozocubu's Armour
   601 | D:1      | Found a faded altar of an unknown god.
   609 | D:1      | Reached skill level 5 in Spellcasting
  1152 | D:2      | Noticed Jessica
  1161 | D:2      | Reached skill level 1 in Invocations
  1162 | D:2      | Killed Jessica
  1163 | D:2      | Reached skill level 1 in Fighting
  1163 | D:2      | Reached skill level 1 in Short Blades
  1163 | D:2      | Reached skill level 1 in Long Blades
  1163 | D:2      | Reached skill level 1 in Axes
  1163 | D:2      | Reached skill level 1 in Maces & Flails
  1163 | D:2      | Reached skill level 1 in Polearms
  1163 | D:2      | Reached skill level 1 in Staves
  1163 | D:2      | Reached skill level 1 in Slings
  1163 | D:2      | Reached skill level 1 in Bows
  1163 | D:2      | Reached skill level 1 in Crossbows
  1163 | D:2      | Reached skill level 1 in Throwing
  1163 | D:2      | Reached skill level 1 in Armour
  1163 | D:2      | Reached skill level 1 in Shields
  1163 | D:2      | Reached skill level 1 in Unarmed Combat
  1163 | D:2      | Reached skill level 1 in Evocations
  1163 | D:2      | Reached XP level 4. HP: 32/32 MP: 3/11
  1496 | D:2      | Found a burning altar of Makhleb.
  1717 | D:2      | Reached skill level 1 in Conjurations
  1717 | D:2      | Reached skill level 1 in Hexes
  1717 | D:2      | Reached skill level 1 in Summonings
  1717 | D:2      | Reached skill level 1 in Necromancy
  1717 | D:2      | Reached skill level 1 in Translocations
  1717 | D:2      | Reached skill level 1 in Transmutations
  1717 | D:2      | Reached skill level 1 in Fire Magic
  1717 | D:2      | Reached skill level 1 in Air Magic
  1717 | D:2      | Reached skill level 1 in Earth Magic
  1717 | D:2      | Reached skill level 1 in Poison Magic
  1720 | D:2      | Reached XP level 5. HP: 16/37 MP: 5/12
  2127 | D:3      | Noticed Terence
  2132 | D:3      | Killed Terence
  2571 | D:3      | Found Laono's Antique Weapon Boutique.
  2656 | D:3      | Found an opulent altar of Gozag.
  2725 | D:4      | Noticed a necrophage
  2737 | D:4      | Killed a necrophage
  2738 | D:4      | Reached XP level 6. HP: 44/44 MP: 8/14
  2926 | D:4      | Reached skill level 5 in Dodging
  2994 | D:4      | Noticed a necrophage
  3002 | D:4      | Killed a necrophage
  3134 | D:4      | Noticed Menkaure
  3151 | D:4      | Killed Menkaure
  3152 | D:4      | Reached XP level 7. HP: 50/50 MP: 9/15
  3358 | D:5      | Entered Level 5 of the Dungeon
  3643 | D:5      | Reached skill level 5 in Stealth
  3842 | D:5      | Reached XP level 8. HP: 57/57 MP: 9/16
  4866 | D:6      | Reached XP level 9. HP: 22/65 MP: 12/18
  5084 | D:6      | Noticed a cyclops
  5100 | D:6      | Killed a cyclops
  5101 | D:6      | Reached skill level 8 in Ice Magic
  5404 | D:6      | Noticed Pikel
  5581 | D:6      | Killed Pikel
  5582 | D:6      | Reached skill level 5 in Invocations
  5590 | D:6      | Noticed Sigmund
  5616 | D:6      | Killed Sigmund
  5831 | D:6      | Noticed Edmund
  5843 | D:6      | Killed Edmund
  5844 | D:6      | Reached XP level 10. HP: 54/73 MP: 11/20
  6251 | D:6      | Reached skill level 5 in Fighting
  6251 | D:6      | Reached skill level 5 in Short Blades
  6251 | D:6      | Reached skill level 5 in Long Blades
  6251 | D:6      | Reached skill level 5 in Axes
  6251 | D:6      | Reached skill level 5 in Maces & Flails
  6251 | D:6      | Reached skill level 5 in Polearms
  6251 | D:6      | Reached skill level 5 in Staves
  6251 | D:6      | Reached skill level 5 in Slings
  6251 | D:6      | Reached skill level 5 in Bows
  6251 | D:6      | Reached skill level 5 in Crossbows
  6251 | D:6      | Reached skill level 5 in Throwing
  6251 | D:6      | Reached skill level 5 in Armour
  6251 | D:6      | Reached skill level 5 in Shields
  6251 | D:6      | Reached skill level 5 in Unarmed Combat
  6251 | D:6      | Reached skill level 5 in Evocations
  6747 | D:6      | Learned a level 4 spell: Hailstorm
  6924 | D:6      | Noticed Eustachio
  6958 | D:6      | Killed Eustachio
  7612 | D:7      | Noticed Harold
  7858 | D:6      | Learned a level 3 spell: Tukima's Dance
  7891 | D:7      | Killed Harold
  8105 | D:7      | Found a staircase to the Ecumenical Temple.
  8111 | Temple   | Entered the Ecumenical Temple
  8120 | Temple   | Became a worshipper of Uskayaw the Reveller
  8204 | D:7      | Found a white marble altar of Elyvilon.
  8207 | D:7      | Reached * piety under Uskayaw
  8236 | D:7      | Noticed a cyclops
  8243 | D:7      | Reached ** piety under Uskayaw
  8246 | D:7      | Reached *** piety under Uskayaw
  8249 | D:7      | Reached **** piety under Uskayaw
  8254 | D:7      | Reached ***** piety under Uskayaw
  8262 | D:7      | Killed a cyclops
  8271 | D:7      | Reached ****** piety under Uskayaw
  8548 | D:7      | Found a runed translucent door.
  8549 | D:7      | Noticed Crazy Yiuf
  8558 | D:7      | Killed Crazy Yiuf
  8832 | D:8      | Found a burning altar of Makhleb.
  9074 | D:8      | Noticed Joseph
  9090 | D:8      | Killed Joseph
  9091 | D:8      | Reached XP level 11. HP: 56/81 MP: 16/22
  9207 | D:8      | Learned a level 4 spell: Dispel Undead
  9216 | D:8      | Noticed Gastronok
  9243 | D:8      | HP: 3/81 [Gastronok (11)]
  9250 | D:8      | HP: 3/81 [Gastronok (10)]
  9252 | D:8      | Mangled by Gastronok

Illustrated notes

Levels and vault maps discovered:
D:1:      sevenhm_arrival_forest_fort_large_2, layout_rooms,
          hellmonk_ecumenical_altar_crossroads, chequers_serial_rivers_room_a,
          amethyst_killhole
D:2:      cheibrodos_pilgrimage, layout_basic, basic_altar, uniq_jessica
D:3:      layout_rooms, mainiacjoe_overflow_alcove_2, serial_shops,
          nicolae_shop_trees, uniq_terence
D:4:      layout_cave_pools, uniq_menkaure
D:5:      layout_loops_ring
D:6:      minmay_opposing_rooms, layout_cave_pools, serial_gnoll_camp,
          gnoll_camp_mini_loothouse, gnoll_camp_mini_house,
          gnoll_camp_mini_house, gnoll_camp_mini_basic, gnoll_camp_huts_moat,
          gnoll_camp_mini_hut, minmay_hedge_maze, sword_in_stone, uniq_pikel,
          uniq_sigmund, uniq_edmund
D:7:      layout_cave_pools, minmay_temple_entry_fiery, serial_park,
          serial_park_square2, serial_park_square3
          [serial_park_minivault_5x5_6], serial_park_square2, uniq_harold,
          uniq_crazy_yiuf_cottage
D:8:      kennysheep_blocky_hall, layout_loops_cross, bloody_makhleb,
          gammafunk_temple_overflow_pools, grunt_ministairs_8,
          skrybe_limestone_x, uniq_joseph, uniq_gastronok
Temple:   mainiacjoe_temple_coin_purse

Skill      XL: |  1  2  3  4  5  6  7  8  9 10 |
---------------+-------------------------------+-----
Spellcasting   | 5 6 7 |  7.8
Invocations    | 1 2 3 4 5 6 |  6.4
Fighting       | 1 2 3 4 5 |  5.9
Short Blades   | 1 2 3 4 5 |  5.9
Long Blades    | 1 2 3 4 5 |  5.9
Axes           | 1 2 3 4 5 |  5.9
Maces & Flails | 1 2 3 4 5 |  5.9
Polearms       | 1 2 3 4 5 |  5.9
Staves         | 1 2 3 4 5 |  5.9
Slings         | 1 2 3 4 5 |  5.9
Bows           | 1 2 3 4 5 |  5.9
Crossbows      | 1 2 3 4 5 |  5.9
Throwing       | 1 2 3 4 5 |  5.9
Armour         | 1 2 3 4 5 |  5.9
Shields        | 1 2 3 4 5 |  5.9
Unarmed Combat | 1 2 3 4 5 |  5.9
Evocations     | 1 2 3 4 5 |  5.9
Conjurations   | 1 2 3 4 |  4.8
Hexes          | 1 2 3 4 |  4.8
Summonings     | 1 2 3 4 |  4.8
Necromancy     | 1 2 3 4 |  4.8
Translocations | 1 2 3 4 |  4.8
Transmutations | 1 2 3 4 |  4.8
Fire Magic     | 1 2 3 4 |  4.8
Air Magic      | 1 2 3 4 |  4.8
Earth Magic    | 1 2 3 4 |  4.8
Poison Magic   | 1 2 3 4 |  4.8
Dodging        | 5 6 7 |  7.5
Stealth        | 5 6 7 |  7.3
Ice Magic      | 8 |  8.7

Action                   |  1- 3 |  4- 6 |  7- 9 | 10-12 || total
-------------------------+-------+-------+-------+-------++-------
Melee: Dagger            |     5 |     3 |       |       ||     8
       Short sword       |       |    23 |    64 |    27 ||   114
       Bite              |       |     3 |     9 |    29 ||    41
       Punch             |       |       |     3 |     1 ||     4
       Spear             |       |       |       |   179 ||   179
 Fire: Hunting sling     |       |    53 |   109 |   154 ||   316
 Cast: Freeze            |    30 |     2 |       |     2 ||    34
       Frozen Ramparts   |     3 |    20 |    32 |    35 ||    90
       Ozocubu's Armour  |     2 |     9 |    22 |    20 ||    53
       Tukima's Dance    |       |       |       |     3 ||     3
Evoke: Wand              |       |       |       |     1 ||     1
  Use: Scroll            |       |     1 |     3 |     5 ||     9
       Potion            |       |       |     2 |     3 ||     5
 Stab: Sleeping          |       |     2 |       |       ||     2
       Paralysed         |       |       |       |     8 ||     8
Armor: Robe              |     2 |    11 |    37 |    27 ||    77
       Leather armour    |       |       |       |    49 ||    49
Dodge: Dodged            |    12 |    24 |    53 |   120 ||   209
Block: Buckler           |       |       |       |    31 ||    31

Table legend: (Time is in decaauts)
 A = Elapsed time spent in this place.
 B = Non-inter-level travel time spent in this place.
 C = Inter-level travel time spent in this place.
 D = Time resting spent in this place.
 E = Time spent auto-exploring this place.
 F = Levels seen in this place.
 G = Mean time per level.
                   A        B        C        D        E       F      G
               +--------+--------+--------+--------+--------+-----+--------+
         Total |   9225 |   8976 |    249 |    230 |   6885 |   9 | 1025.0 |
       Dungeon |   9207 |   8967 |    240 |    230 |   6885 |   8 | 1150.9 |
        Temple |     18 |      9 |      9 |      0 |      0 |   1 |   18.0 |
               +--------+--------+--------+--------+--------+-----+--------+

Top non-repeatable levels by time:
     D:6: 3198 daAuts
     D:7: 1151 daAuts
     D:1: 1113 daAuts
     D:5: 1017 daAuts
     D:2: 1012 daAuts
     D:4: 641 daAuts
     D:3: 602 daAuts
     D:8: 468 daAuts
  Temple: 18 daAuts
